 Dungeon Crawl Stone Soup version 0.20.0-7-g3b7b877 (webtiles) character file.

450 stringdemon the Sneak (level 7, -4/35 HPs)
             Began as a Vine Stalker Monk on May 29, 2017.
             Killed by divine providence
             ... invoked by an orc priest
              (11 damage)
             ... on level 6 of the Dungeon.
             The game lasted 00:10:58 (2147 turns).

stringdemon the Sneak (Vine Stalker Monk)           Turns: 2147, Time: 00:10:58

Health: -4/35      AC:  6    Str: 16    XL:     7   Next: 4%
Magic:  0/8        EV: 13    Int: 10    God:
Gold:   198        SH:  0    Dex: 18    Spells: 4/6 levels left

rFire    . . .     SeeInvis .     - Unarmed
rCold    + + +     Gourm    .   (no shield)
rNeg     . . .     Faith    .   t - +2 leather armour "Qefratz" {rC+++ MR- Regen+ Str+2}
rPois    .         Spirit   +   (no helmet)
rElec    .         Reflect  .   (no cloak)
rCorr    .         Harm     .   e - +0 pair of gloves
MR       .....                  (no boots)
Stlth    +++.......             (no amulet)
Regen    1.0/turn               (no ring)
MPRegen  0.2/turn               (no ring)

@: no status effects
A: fangs 2, regeneration 1, magic shield, antimagic bite, no potion heal 3, rot
immunity
a: no special abilities


You were on level 6 of the Dungeon.
You were not hungry.

You visited 1 branch of the dungeon, and saw 6 of its levels.

You collected 198 gold pieces.

Inventory:

Armour
 e - a +0 pair of gloves (worn)
 t - the +2 leather armour "Qefratz" (worn) {rC+++ MR- Regen+ Str+2}
   (You found it on level 6 of the Dungeon)

   It affects your strength (+2).
   It renders you almost immune to cold.
   It affects your resistance to hostile enchantments.
   It increases your rate of regeneration.
Scrolls
 g - a scroll of remove curse
 i - 2 scrolls of recharging
 j - a scroll of immolation {unknown}
 m - a scroll of enchant armour {unknown}
 n - a scroll of magic mapping {unknown}
 p - 2 scrolls of enchant weapon {unknown}
 q - 2 scrolls of noise {unknown}
Potions
 c - 2 potions of curing
 d - a potion of flight {unknown}
 h - a potion of berserk rage {unknown}
 k - a potion of mutation {unknown}
 l - a potion of brilliance {unknown}
 o - a potion of haste {unknown}
 s - a potion of might {unknown}
Books
 r - the Papyrus of Protection and Dark Rites
   (You found it on level 4 of the Dungeon)

   Spells                             Type                      Level
   a - Swiftness                      Charms/Air                   2
   b - Agony                          Necromancy                   5
   c - Cigotuvi's Embrace             Necromancy                   5
   d - Dispel Undead                  Necromancy                   5
Comestibles
 b - a bread ration
 f - 3 chunks of flesh


   Skills:
 - Level 2.6 Fighting
 - Level 2.4 Dodging
 * Level 6.0 Stealth
 + Level 5.8 Unarmed Combat
 * Level 1.5 Charms
 * Level 1.4 Air Magic


You had 4 spell levels left.
You knew the following spells:

 Your Spells              Type           Power        Failure   Level  Hunger
a - Swiftness             Chrm/Air       #.......     36%         2    ###....


Dungeon Overview and Level Annotations

Branches:
Dungeon (7/15)
 Temple: D:4-7

Altars:
Cheibriados
Kikubaaqudgha
The Shining One

Shops:
D:4 (


Innate Abilities, Weirdness & Mutations

You have extremely sharp teeth.
Your natural rate of healing is unusually fast.
When hurt, damage is shared between your health and your magic reserves.
Your bite disrupts and absorbs the magic of your enemies.
Potions cannot restore your health.
You are immune to rotting.


Message History

Pain shoots through your body!
You hit the orc priest but do no damage.
You bite the orc priest, but do no damage.
The orc priest is almost dead.
The orc priest closely misses you.
You punch the orc priest!
You kill the orc priest!
Your Stealth skill increases to level 6!
You have reached level 7!
The orc misses you. The orc hits you with a mace.
The orc priest hits you but does no damage.
You closely miss the orc priest.
The orc priest invokes the aid of Beogh against you.
Beogh smites you!
* * * LOW HITPOINT WARNING * * *
The orc barely misses you. The orc closely misses you.
You barely miss the orc priest. Your bite misses the orc priest.
The orc priest invokes the aid of Beogh against you.
Beogh smites you!
You die...

....###.# ..#.#
..### .# #.#.#
..# +#
#######.#.# #.#
..........# #.#
...####...#####
#.#
...............
#.#
..####...######
#.# #..........
#.# #o@########
#.# #o)o...#
#.# ....#####
#.# #....+ #.#
#....# ..#
#....# ..#
#....# ..#
#....# .>#


You could see an orc priest and 2 orcs.

Vanquished Creatures
  Blork the orc (D:4)
  3 killer bees (D:7)
  A crimson imp (D:6)
  A hound (D:4)
  An orc priest (D:6)
  A worker ant (D:4)
  6 adders
  5 worms
  3 dart slugs
  2 leopard geckos (D:2)
  An orc (D:7)
  3 giant cockroaches
  2 goblins
  6 hobgoblins
  8 jackals
  5 kobolds
  A quokka (D:4)
  2 ball pythons (D:2)
  11 bats
  2 frilled lizards (D:1)
  A leopard gecko skeleton (D:4)
  11 rats
77 creatures vanquished.

Notes
Turn   | Place    | Note
-------+----------+-------------------------------------------
     0 | D:1      | stringdemon the Vine Stalker Monk began the quest for the Orb.
     0 | D:1      | Reached XP level 1. HP: 11/11 MP: 2/2
   117 | D:1      | Reached XP level 2. HP: 15/16 MP: 3/3
   210 | D:1      | Reached skill level 3 in Stealth
   448 | D:2      | Found a glowing golden altar of the Shining One.
   475 | D:2      | Reached XP level 3. HP: 11/19 MP: 2/4
   712 | D:2      | Found a snail-covered altar of Cheibriados.
  1023 | D:2      | Gained mutation: Your natural rate of healing is unusually fast. [Vine Stalker growth]
  1023 | D:2      | Reached XP level 4. HP: 23/23 MP: 5/5
  1034 | D:2      | Found an ancient bone altar of Kikubaaqudgha.
  1345 | D:2      | Reached skill level 4 in Stealth
  1653 | D:3      | Reached XP level 5. HP: 27/27 MP: 6/6
  1795 | D:4      | Reached skill level 5 in Unarmed Combat
  1799 | D:4      | Noticed Blork the orc
  1808 | D:4      | Killed Blork the orc
  1808 | D:4      | Reached skill level 5 in Stealth
  1839 | D:4      | Found Imisoew's Antique Weapon Shop.
  1893 | D:4      | Reached XP level 6. HP: 27/32 MP: 7/7
  1906 | D:4      | Identified the Papyrus of Protection and Dark Rites
  1911 | D:4      | Learned a level 2 spell: Swiftness
  1983 | D:4      | You fall through a shaft for 3 floors!
  1990 | D:7      | Reached skill level 1 in Air Magic
  1995 | D:7      | Reached skill level 1 in Charms
  2059 | D:6      | Got a dazzling leather armour
  2070 | D:6      | Identified the +2 leather armour "Qefratz" {rC+++ MR- Regen+ Str+2} (You found it on level 6 of the Dungeon)
  2145 | D:6      | Reached skill level 6 in Stealth
  2145 | D:6      | Reached XP level 7. HP: 22/35 MP: 3/8
  2147 | D:6      | Killed from afar by an orc priest

Skill      XL: |  1  2  3  4  5  6 |
---------------+-------------------+-----
Stealth        | 3 4 5 6 |  6.0
Unarmed Combat | 4 5 |  5.8
Air Magic      | 1 |  1.4
Charms         | 1 |  1.5
Fighting       | |  2.6
Dodging        | |  2.4

Action                   |  1- 3 |  4- 6 |  7- 9 || total
-------------------------+-------+-------+-------++-------
Melee: Unarmed           |   115 |   144 |     2 ||   261
       Bite              |    32 |    38 |       ||    70
       Punch             |     2 |     5 |       ||     7
  Use: Scroll            |     3 |     4 |       ||     7
       Potion            |       |     2 |       ||     2
 Stab: Sleeping          |     2 |     9 |       ||    11
  Eat: Chunk             |       |     4 |       ||     4
Armor: Robe              |    22 |    19 |       ||    41
       Skin              |       |    15 |       ||    15
       Leather armour    |       |     2 |     1 ||     3
Dodge: Dodged            |    92 |    78 |     3 ||   173
